 Dungeon Crawl Stone Soup version 0.29-a0-299-g4c793a2ed2 (console) character file.

Game seed: 2075352402913824063

136 Ignak the Stinger (level 5, -3/37 HPs)
             Began as a Gnoll Venom Mage on Mar 24, 2022.
             Succumbed to Edmund's poison
             ... on level 4 of the Dungeon.
             The game lasted 00:07:52 (3797 turns).

Ignak the Stinger (Gnoll Venom Mage)                Turns: 3797, Time: 00:07:52

Health: -3/37      AC:  6    Str:  7    XL:     5   Next: 19%
Magic:  1/12       EV: 11    Int: 16    God:
Gold:   161        SH:  0    Dex: 13    Spells: 3/14 levels left

rFire   . . .      SeeInvis .   r - +6 dagger (protect)
rCold   . . .      Faith    .   (no shield)
rNeg    . . .      Spirit   .   d - +0 ring mail
rPois   .          Reflect  .   (no helmet)
rElec   .          Harm     .   l - +0 cloak
rCorr   .          Rampage  .   (no gloves)
Will    .....                   (no boots)
Stlth   ++........              (no amulet)
HPRegen 0.12/turn               e - ring of wizardry
MPRegen 0.13/turn               (no ring)

@: mighty, lethally poisoned (-3 -> -26), attractive
A: fangs 1, strong nose, distributed training
a: no special abilities


You were on level 4 of the Dungeon.
You visited 1 branch of the dungeon, and saw 4 of its levels.

You collected 161 gold pieces.

Inventory:

Hand Weapons
 i - a +0 whip of venom
 r - a +6 dagger of protection (weapon)
Armour
 a - a +0 robe
 d - a +0 ring mail (worn)
 l - a +0 cloak (worn)
Jewellery
 e - a ring of wizardry (left hand)
Wands
 p - a wand of mindburst (18)
Scrolls
 j - a scroll of enchant weapon
 k - a scroll of identify {unknown}
 m - a scroll of enchant armour {unknown}
 s - a scroll of amnesia {unknown}
Potions
 b - 2 potions of magic
 f - a potion of invisibility
 h - a potion of might
 q - a potion of mutation {unknown}
 u - a potion of degeneration {unknown}


   Skills:
 + Level 1.4 Fighting
 + Level 1.4 Short Blades
 + Level 1.4 Long Blades
 + Level 1.4 Axes
 + Level 1.4 Maces & Flails
 + Level 1.4 Polearms
 + Level 1.4 Staves
 + Level 1.4 Slings
 + Level 1.4 Bows
 + Level 1.4 Crossbows
 + Level 1.4 Throwing
 + Level 1.4 Armour
 + Level 4.7 Dodging
 + Level 4.3 Stealth
 + Level 1.4 Shields
 + Level 1.4 Unarmed Combat
 + Level 5.1 Spellcasting
 + Level 1.1 Conjurations
 + Level 1.1 Hexes
 + Level 1.1 Summonings
 + Level 1.1 Necromancy
 + Level 1.1 Translocations
 + Level 2.3 Transmutations
 + Level 1.1 Fire Magic
 + Level 1.1 Ice Magic
 + Level 1.1 Air Magic
 + Level 1.1 Earth Magic
 + Level 5.5 Poison Magic
 + Level 1.5 Invocations
 + Level 1.4 Evocations


You had 3 spell levels left.
You knew the following spells:

 Your Spells              Type           Power      Damage    Failure   Level
a - Sting                 Tmut/Pois      64%        1d6       4%          1
c - Ozocubu's Armour      Ice            7%         N/A       34%         3
d - Mephitic Cloud        Conj/Pois/Air  12%        N/A       21%         3
z - Olgreb's Toxic Radia  Pois           21%        N/A       21%         4

Your spell library contained the following spells:

 Spells                   Type           Power      Damage    Failure   Level
 Poisonous Vapours        Pois/Air       28%        N/A       8%          2
 Portal Projectile        Hex/Tloc       14%        N/A       34%         3
 Blade Hands              Tmut           5%         N/A       87%         5
 Excruciating Wounds      Necr           3%         N/A       96%         5
 Metabolic Englaciation   Hex/Ice        3%         N/A       96%         5
 Simulacrum               Ice/Necr       3%         N/A       100%        6


Dungeon Overview and Level Annotations

Branches:
Dungeon (4/15)             Temple (0/1) D:4

Altars:
Ashenzari
Cheibriados
Ru
Sif Muna

Shops:
D:2 =

Annotations:
D:4 Edmund


Innate Abilities, Weirdness & Mutations

You have very sharp teeth.
Your uncanny sense of smell can sniff out nearby items.
Your experience applies equally to all skills.


Message History

Unknown command.
Edmund attacks as you move away! Edmund hits you but does no damage.
You are more poisoned.
You feel very sick.
Edmund is engulfed in noxious fumes.
Edmund appears confused.
You hit Edmund.
Edmund is moderately wounded.
You feel very sick.
A jackal comes into view.
Edmund is engulfed in noxious fumes.
Edmund drinks a potion.
Edmund flickers and vanishes!
Deactivating autopickup; reactivate with Ctrl-A.
Really walk into that cloud of noxious fumes?
Okay, then.
You feel very sick. Something hits you!
Okay, then.
You feel sick.
Something says, "Why is everything spinning?"
It was a potion of might.
You feel very mighty all of a sudden.
You feel sick.
Casting: Mephitic Cloud (quite dangerous; 21% risk of failure)
Confirm with . or Enter, or press ? or * to list all spells.
The spell is quite dangerous to miscast (21% risk of failure)!
Continue anyway?
Aiming: Mephitic Cloud (quite dangerous; 21% risk of failure)
Press: ? - help, Shift-Dir - straight line The ball explodes into a vile cloud!
You feel sick. Something hits you but does no damage.
You are lethally poisoned!
A jackal comes into view.
Okay, then.
* * * LOW HITPOINT WARNING * * *
You feel very sick. Something hits you.
* * * LOW HITPOINT WARNING * * *
You are more poisoned.
A jackal comes into view.
It was a potion of attraction.
You feel attractive to monsters.
You die...

,,,,,,,,,,,,,* ******,,≈≈≈*,,>,,
,,,,,,,,,,,,,* ##.,**≈,,,≈≈*,,,**
,,,,,,,****,,* #...#*≈≈,,≈*******
***,,,,*,,*,,* #.#.#**≈,,** *
*,,,,,,*≈≈#.,* #.#.# **,** *
,,*,,,,*,,#..* #.#.#***+*** *
***,,,,*,,#..###...#*8,,,8*******
,*,,,,,*,≈#........#*,,,,,**,,,,,
*****,,*≈,#....#@.#**,,>,,**,,,,,
*,,,*,,*≈,#....#..# *,,,,,**,,,,,
*,≈≈*,,*###....°○###*8,,,8**,,,,*
*≈,,*,>,......°○h#.#********,,,,*
*,≈,*,,,.......○...#######**,,*,*
*,≈,*,,,..................,,,,*,*
*≈≈,*,,,.......h........,,****,,,
≈,,,**,*..$....h..#..###*****,,,,
≈,,,*,,,.###.........#*****,,,*,,


You could see 3 jackals.

Vanquished Creatures
  An orc priest (D:3)
  Ijyb (D:3)
  An adder (D:2)
  2 worms (D:2)
  3 dart slugs
  6 orcs (D:3)
  4 ball pythons
  5 endoplasms
  2 giant cockroaches (D:1)
  5 goblins
  4 hobgoblins
  2 jackals (D:2)
  5 kobolds
  2 quokkas
  2 bats
  A frilled lizard (D:1)
  10 rats
56 creatures vanquished.

Vanquished Creatures (others)
  12 fungi (D:4)
12 creatures vanquished.

Grand Total: 68 creatures vanquished

Notes
Turn   | Place    | Note
-------+----------+-------------------------------------------
     0 | D:1      | Ignak the Gnoll Venom Mage began the quest for the Orb.
     0 | D:1      | Reached XP level 1. HP: 13/13 MP: 6/6
   471 | D:1      | Reached XP level 2. HP: 12/19 MP: 1/7
   994 | D:1      | Found a faded altar of an unknown god.
  1207 | D:1      | Reached XP level 3. HP: 19/25 MP: 0/9
  1212 | D:1      | Learned a level 3 spell: Mephitic Cloud
  1327 | D:1      | Reached skill level 5 in Spellcasting
  1992 | D:2      | Reached skill level 1 in Invocations
  2046 | D:2      | Found Ekoukhli's Jewellery Boutique.
  2259 | D:2      | Reached skill level 1 in Fighting
  2259 | D:2      | Reached skill level 1 in Short Blades
  2259 | D:2      | Reached skill level 1 in Long Blades
  2259 | D:2      | Reached skill level 1 in Axes
  2259 | D:2      | Reached skill level 1 in Maces & Flails
  2259 | D:2      | Reached skill level 1 in Polearms
  2259 | D:2      | Reached skill level 1 in Staves
  2259 | D:2      | Reached skill level 1 in Slings
  2259 | D:2      | Reached skill level 1 in Bows
  2259 | D:2      | Reached skill level 1 in Crossbows
  2259 | D:2      | Reached skill level 1 in Throwing
  2259 | D:2      | Reached skill level 1 in Armour
  2259 | D:2      | Reached skill level 1 in Shields
  2259 | D:2      | Reached skill level 1 in Unarmed Combat
  2259 | D:2      | Reached skill level 1 in Evocations
  2277 | D:2      | Reached XP level 4. HP: 19/32 MP: 2/11
  2427 | D:2      | Found a shimmering blue altar of Sif Muna.
  2455 | D:2      | Learned a level 4 spell: Olgreb's Toxic Radiance
  3003 | D:3      | Learned a level 3 spell: Ozocubu's Armour
  3205 | D:3      | Found a broken altar of Ashenzari.
  3227 | D:3      | Noticed Ijyb
  3245 | D:3      | Killed Ijyb
  3246 | D:3      | Reached skill level 1 in Conjurations
  3246 | D:3      | Reached skill level 1 in Hexes
  3246 | D:3      | Reached skill level 1 in Summonings
  3246 | D:3      | Reached skill level 1 in Necromancy
  3246 | D:3      | Reached skill level 1 in Translocations
  3246 | D:3      | Reached skill level 1 in Fire Magic
  3246 | D:3      | Reached skill level 1 in Ice Magic
  3246 | D:3      | Reached skill level 1 in Air Magic
  3246 | D:3      | Reached skill level 1 in Earth Magic
  3506 | D:3      | Reached XP level 5. HP: 37/37 MP: 8/12
  3729 | D:3      | Found a snail-covered altar of Cheibriados.
  3729 | D:3      | Found a sacrificial altar of Ru.
  3783 | D:4      | Noticed Edmund
  3796 | D:4      | HP: 1/37 [something (4)]
  3797 | D:4      | Succumbed to Edmund's poison

Illustrated notes

Levels and vault maps discovered:
D:1:      dpeg_arrival_tiny_j, layout_loops_ring,
          hellmonk_ecumenical_altar_heavens_door
D:2:      minmay_skewed_foursquare, layout_loops_ring, basic_altar,
          serial_shops, nicolae_square_shop, minmay_misc_feat_cross
D:3:      layout_basic, nicolae_ashenzari_panopticon,
          gammafunk_temple_overflow_statue, minivault_24, uniq_ijyb
D:4:      layout_rooms, minmay_temple_entry_fiery, enter_ossuary_1,
          serial_aquarium, aquarium_bridge_square [aquarium_subvault_window,
          aquarium_subvault_bridge, aquarium_subvault_bridge,
          aquarium_subvault_window], aquarium_bridge_long_joined
          [aquarium_subvault_window, aquarium_subvault_window,
          aquarium_subvault_bridge, aquarium_subvault_balcony,
          aquarium_subvault_bridge, aquarium_subvault_bridge],
          aquarium_window_fake, aquarium_window_1, aquarium_window_fake,
          aquarium_view_2b, aquarium_balcony_5b, serial_shops,
          nicolae_shop_advertising_works [nicolae_subvault_shop_adworks],
          serial_bayou_pond_a, uniq_sigmund, uniq_edmund

Skill      XL: |  1  2  3  4 |
---------------+-------------+-----
Transmutations | 2 |  2.3
Spellcasting   | 5 |  5.1
Invocations    | 1 |  1.5
Fighting       | 1 |  1.4
Short Blades   | 1 |  1.4
Long Blades    | 1 |  1.4
Axes           | 1 |  1.4
Maces & Flails | 1 |  1.4
Polearms       | 1 |  1.4
Staves         | 1 |  1.4
Slings         | 1 |  1.4
Bows           | 1 |  1.4
Crossbows      | 1 |  1.4
Throwing       | 1 |  1.4
Armour         | 1 |  1.4
Shields        | 1 |  1.4
Unarmed Combat | 1 |  1.4
Evocations     | 1 |  1.4
Conjurations   | 1 |  1.1
Hexes          | 1 |  1.1
Summonings     | 1 |  1.1
Necromancy     | 1 |  1.1
Translocations | 1 |  1.1
Fire Magic     | 1 |  1.1
Ice Magic      | 1 |  1.1
Air Magic      | 1 |  1.1
Earth Magic    | 1 |  1.1
Dodging        | |  4.7
Stealth        | |  4.3
Poison Magic   | |  5.5

Action                   |  1- 3 |  4- 6 || total
-------------------------+-------+-------++-------
Melee: Unarmed           |    34 |       ||    34
       Bite              |     8 |     8 ||    16
       Club              |    12 |       ||    12
       Whip              |    28 |    25 ||    53
       Dagger            |       |    21 ||    21
 Cast: Sting             |    63 |     8 ||    71
       Mephitic Cloud    |       |     6 ||     6
  Use: Scroll            |       |     5 ||     5
       Potion            |       |     2 ||     2
 Stab: Sleeping          |     3 |     1 ||     4
       Confused          |       |     5 ||     5
Armor: Robe              |     8 |       ||     8
       Ring mail         |    14 |    20 ||    34
Dodge: Dodged            |    79 |    18 ||    97

Table legend: (Time is in decaauts)
 A = Elapsed time spent in this place.
 B = Non-inter-level travel time spent in this place.
 C = Inter-level travel time spent in this place.
 D = Time resting spent in this place.
 E = Time spent auto-exploring this place.
 F = Levels seen in this place.
 G = Mean time per level.
                   A        B        C        D        E       F      G
               +--------+--------+--------+--------+--------+-----+--------+
         Total |   3800 |   3752 |     48 |    725 |   2251 |   4 |  950.0 |
       Dungeon |   3800 |   3752 |     48 |    725 |   2251 |   4 |  950.0 |
               +--------+--------+--------+--------+--------+-----+--------+

Top non-repeatable levels by time:
     D:1: 1548 daAuts
     D:2: 1258 daAuts
     D:3: 967 daAuts
     D:4: 26 daAuts
